 Dungeon Crawl Stone Soup version 0.29-a0-821-g66395355a5 (webtiles) character file.

Game seed: 8257476794555577018

39 lesbiats the Digger (level 3, -8/20 HPs)
             Began as a Gargoyle Earth Elementalist on July 7, 2022.
             Mangled by Terence
             ... wielding a +3 falchion of electrocution
              (9 damage)
             ... on level 2 of the Dungeon on July 8, 2022.
             The game lasted 00:11:37 (1763 turns).

lesbiats the Digger (Gargoyle Earth Elementalist)   Turns: 1763, Time: 00:11:38

Health: -8/20      AC:  5    Str: 11    XL:     3   Next: 45%
Magic:  2/6        EV: 12    Int: 17    God:
Gold:   103        SH:  0    Dex: 10    Spells: 3/6 levels left

rFire   . . .      SeeInvis .   j - +0 hand axe
rCold   . . .      Faith    .   (no shield)
rNeg    + . .      Spirit   .   a - +0 robe
rPois   ∞          Reflect  .   (no helmet)
rElec   +          Harm     .   (no cloak)
rCorr   .          Rampage  .   (no gloves)
Will    .....                   (no boots)
Stlth   ++........              (no amulet)
HPRegen 0.06/turn               (no ring)
MPRegen 0.10/turn               (no ring)

@: no status effects
A: sickness immunity, AC +3, negative energy resistance 1, electricity
resistance, torment resistance 1, petrification resistance
a: no special abilities


You were on level 2 of the Dungeon.
You visited 1 branch of the dungeon, and saw 2 of its levels.

You collected 103 gold pieces.

Inventory:

Hand Weapons
 e - a +0 mace
 j - a +0 hand axe (weapon)
 o - a +0 whip
Missiles
 f - 2 curare-tipped darts
 n - 15 stones
Armour
 a - a +0 robe (worn)
Jewellery
 i - a ring of fire
Scrolls
 c - a scroll of silence {unknown}
 g - a scroll of identify {unknown}
 l - a scroll of enchant weapon {unknown}
 m - a scroll of noise {unknown}
Potions
 b - 2 potions of magic
 d - a potion of curing
 h - a potion of brilliance {unknown}
 k - a potion of resistance {unknown}
 p - a potion of mutation {unknown}


   Skills:
 + Level 1.0 Fighting
 - Level 1.8 Dodging
 - Level 2.4 Stealth
 - Level 2.4 Spellcasting
 - Level 1.1 Transmutations
 * Level 4.2 Earth Magic


You had 3 spell levels left.
You knew the following spells:

 Your Spells              Type           Power      Damage    Failure   Level
a - Sandblast             Erth           32%        2d9       3%          1
b - Passwall              Tmut/Erth      9%         N/A       10%         2

Your spell library contained the following spells:

 Spells                   Type           Power      Damage    Failure   Level
 Stone Arrow              Conj/Erth      18%        3d8       24%         3
 Petrify                  Tmut/Erth      11%        N/A       52%         4


Dungeon Overview and Level Annotations

Branches:
Dungeon (2/15)

Altars:

Annotations:
D:2 Terence


Innate Abilities, Weirdness & Mutations

You are immune to sickness and miasma.
Your stone body is resilient. (AC +3)
You are immune to poison.
You resist negative energy. (rN+)
You are resistant to electric shocks. (rElec)
You are resistant to unholy torment.
You are immune to petrification.


Message History

The worm closely misses you.
Aiming: Sandblast (safe; 3% risk of failure)
Press: ? - help, Q - select action, (/) - cycle Shift-Dir - straight line, f/p - worm
Aim: a worm (heavily wounded, 93% to hit)
The blast of sand hits the worm!
You kill the worm!
Your Fighting skill increases to level 1!
Aiming: Sandblast (safe; 3% risk of failure)
Press: ? - help, Q - select action, (/) - cycle Shift-Dir - straight line, f - Terence
Aim: Terence, wielding a +3 falchion of electrocution and wearing a +0 scale mail (82% to hit)
The blast of sand hits Terence but does no damage.
Terence attacks as you move away!
Terence hits you with a +3 falchion of electrocution!
A bat comes into view.
Terence attacks as you move away!
Terence hits you with a +3 falchion of electrocution!
* * * LOW HITPOINT WARNING * * *
Terence says, "Time to say good-bye..."
It was a potion of curing.
You feel better. Terence closely misses you.
Aiming: Sandblast (safe; 3% risk of failure)
Press: ? - help, Q - select action, (/) - cycle Shift-Dir - straight line, f/p - Terence
Aim: Terence, wielding a +3 falchion of electrocution and wearing a +0 scale mail (82% to hit)
The blast of sand misses Terence.
Terence closely misses you.
Terence hits you with a +3 falchion of electrocution.
Aiming: Sandblast (safe; 3% risk of failure)
Press: ? - help, Q - select action, (/) - cycle Shift-Dir - straight line, f/p - Terence
Aim: Terence, wielding a +3 falchion of electrocution and wearing a +0 scale mail (82% to hit)
Okay, then.
Terence hits you with a +3 falchion of electrocution.
* * * LOW HITPOINT WARNING * * *
Aiming: Sandblast (safe; 3% risk of failure)
Press: ? - help, Q - select action, (/) - cycle Shift-Dir - straight line, f/p - Terence
Aim: Terence, wielding a +3 falchion of electrocution and wearing a +0 scale mail (82% to hit)
The blast of sand hits Terence.
Terence is moderately wounded.
Terence hits you with a +3 falchion of electrocution.
* * * LOW HITPOINT WARNING * * *
Terence hits you with a +3 falchion of electrocution!
You die...

.. #..####.###. #.
#.......#
#.######......##
..#...........# ..
#.#.###.......#
....###.#.###.......#
.........b..........#
....##.#@###.......#
# #.#@###.......#
#.#...........#
#.##.#.###########
#......# ####.###
.... ###..# #..# ....


You could see Terence and a bat.

Vanquished Creatures
  An adder (D:2)
  2 worms
  2 ball pythons
  3 endoplasms
  A giant cockroach (D:1)
  2 goblins (D:1)
  3 hobgoblins
  3 jackals (D:1)
  3 bats (D:1)
  3 kobolds
23 creatures vanquished.

Notes
Turn   | Place    | Note
-------+----------+-------------------------------------------
     0 | D:1      | lesbiats the Gargoyle Earth Elementalist began the quest
                  | for the Orb.
     0 | D:1      | Reached XP level 1. HP: 10/10 MP: 3/3
   174 | D:1      | Reached skill level 1 in Transmutations
   174 | D:1      | Reached XP level 2. HP: 15/15 MP: 1/5
   664 | D:1      | Learned a level 2 spell: Passwall
  1580 | D:2      | Reached XP level 3. HP: 14/20 MP: 2/6
  1701 | D:2      | Reached skill level 4 in Earth Magic
  1751 | D:2      | Noticed Terence
  1753 | D:2      | Reached skill level 1 in Fighting
  1763 | D:2      | HP: 1/20 [Terence/+3 falchion of electrocution (3)]
  1763 | D:2      | Mangled by Terence

Illustrated notes

Levels and vault maps discovered:
D:1:      nicolae_arrival_washed_ashore, layout_rooms,
          chequers_serial_rivers_small_3, nicolae_wormholes
D:2:      layout_loops_cross, ebering_ecumenical_altar_hall, uniq_terence,
          uniq_natasha

Skill      XL: |  1  2  3 |
---------------+----------+-----
Transmutations | 1 |  1.1
Earth Magic    | 4 |  4.2
Fighting       | 1 |  1.0
Dodging        | |  1.8
Stealth        | |  2.4
Spellcasting   | |  2.4

Action                   || total
-------------------------++-------
Melee: Unarmed           ||     5
       Hand axe          ||     7
 Cast: Sandblast         ||    36
       Passwall          ||     6
  Use: Potion            ||     1
Armor: Robe              ||     9
Dodge: Dodged            ||    14

Table legend: (Time is in decaauts)
 A = Elapsed time spent in this place.
 B = Non-inter-level travel time spent in this place.
 C = Inter-level travel time spent in this place.
 D = Time resting spent in this place.
 E = Time spent auto-exploring this place.
 F = Levels seen in this place.
 G = Mean time per level.
                   A        B        C        D        E       F      G
               +--------+--------+--------+--------+--------+-----+--------+
         Total |   1811 |   1560 |    251 |    790 |    459 |   2 |  905.5 |
       Dungeon |   1811 |   1560 |    251 |    790 |    459 |   2 |  905.5 |
               +--------+--------+--------+--------+--------+-----+--------+

Top non-repeatable levels by time:
     D:1: 1613 daAuts
     D:2: 198 daAuts
